Unix NetHack Version 5.0.0-0 post-release - last build May 17 2026 04:57:42 (dc50c8380fa5e20985bfe3072449f57b8d9895ef,branch:main).

Game began 2026-05-19 13:44:09, ended 2026-05-19 14:08:35.

GdeVolpiano, neutral female human Tourist

           ----    -------                             ----
           |..|    |^....--    -------                 -..|
           |..--   |..--*.------.--..----      ---      ..------
           |...|   --.|--...............--- ----.--     ....--.|
           --..|    |.| ---.....*.........---.|...--    -......--
  ----------|..|    |.|   |.....*..................|    |.......--
 --..--.|..-|..|   --.--- --......................--   --........---
 |..........|..|   |....-- |............--........--   |...........|
 |..........|..--- |-....---.......--.-----.--.....--  |..........-
 ----.........%..| |..................|   -------...|  |..........|
    |......*.---.---............-----.|---      --..-- |-........--  ----
   --.........-|.......q....^...|   |.|..----    --.)---........--   |..|
  --...........|-..|...d........|   |.....|*--    |...|...--#..-------..|
  |............-|.---.@q.....--.|   ----.....---- ---.....--#..---.|...--
  |.............|.---.--.....|---    --|...>....|   --..........|......|
  ----....*....-|....^...|..--     ---.|........--  --.<.......)....----
     --......---|...-.-------      |.............|  |...............|----
      --...---  |......|           |...........).|---...............--..|
       -----    --....--           |...)...---).---.).................[.|
                 ---..|            ---.|....).[.....-#------------.---.--
                   ----              ----------------            --- ---
GdeVolpiano the Sightseer   St:12 Dx:14 Co:17 In:11 Wi:10 Ch:14  Neutral
Dlvl:4  $:49 HP:0(42) Pw:25(25) AC:1  Xp:5 T:2679 

Latest messages:
 $ - 49 gold pieces.
 You see here a homunculus corpse.
 v - a homunculus corpse.
 What do you want to drop? [$acegi-lo-qt-wzKMOSTV or ?*]
 You drop a homunculus corpse.
 You swap places with Winston.
 Winston misses the rothe.
 You hit the rothe.
 The rothe hits!
 The rothe misses!
 The rothe bites!
 Winston misses the rothe.
 You miss the rothe.
 Winston misses the rothe.
 You hit the rothe.
 Winston bites the rothe.
 The rothe misses Winston.
 The rothe misses Winston.
 The rothe misses Winston.
 You miss the rothe.
 The rothe just misses!
 The rothe bites!
 The rothe bites again!
 Winston bites the rothe.
 The rothe is killed!
 You kill the rothe!
 Winston eats a rothe corpse.
 You hit the rothe.
 You hit the rothe.
 The rothe hits!
 The rothe bites!
 The rothe just misses!
 You miss the rothe.
 The rothe hits!
 The rothe bites!
 The rothe bites again!
 You hit the rothe!
 The rothe misses!
 The rothe misses!
 The rothe bites!
 You miss the rothe.
 The rothe hits!
 The rothe bites!
 The rothe bites again!
 You miss the rothe.
 The rothe hits!
 The rothe bites!
 The rothe bites again!
 You die...
 Do you want your possessions identified? [ynq] (y)

Inventory:
 Coins    ('$')
  $ - 49 gold pieces
 Amulets  ('"')
  l - an uncursed amulet of magical breathing
 Weapons  (')')
  u - a blessed +0 dart
  a - 19 +2 darts (at the ready)
  t - 18 +0 darts
  O - a +0 dwarvish mattock (alternate weapon; not wielded)
  V - a +1 dwarvish short sword (weapon in right hand)
 Armor    ('[')
  q - an uncursed +0 pair of iron shoes (being worn)
  K - an uncursed +2 dwarvish cloak (being worn)
  z - an uncursed +0 Hawaiian shirt with a palm tree motif (being worn)
  M - an uncursed +0 chain mail (being worn)
 Comestibles  ('%')
  c - 2 uncursed figs
  g - an uncursed carrot
  T - 2 uncursed food rations
  e - 4 uncursed tripe rations
  w - a cursed tripe ration
 Scrolls  ('?')
  S - a blessed scroll of identify
  j - a blessed scroll of magic mapping
  i - 3 uncursed scrolls of magic mapping
 Tools    ('(')
  k - an uncursed skeleton key
  o - a cursed wax candle
 Gems/Stones  ('*')
  p - an uncursed worthless piece of yellow glass

GdeVolpiano the Tourist's attributes:

Background:
 You were a Sightseer, a level 5 female human Tourist.
 You were neutral, on a mission for The Lady
 who was opposed by Blind Io (lawful) and Offler (chaotic).
 You were right-handed.
 You were in the Gnomish Mines, on level 4.
 You entered the dungeon 2679 turns ago.
 There was a new moon in effect when your adventure ended.
 You had 227 experience points, 93 more were needed to attain level 6.

Basics:
 You had 0 out of 42 hit points.
 You had all 25 energy points (spell power).
 Your armor class was 1.
 Your wallet contained 49 zorkmids.
 Autopickup was on for '$?!/="+' plus thrown, with exceptions.

Final Characteristics:
 Your strength was 12 (limit:18/100).
 Your dexterity was 14 (limit:18).
 Your constitution was 17 (limit:18).
 Your intelligence was 11 (limit:18).
 Your wisdom was 10 (limit:18).
 Your charisma was 14 (limit:18).

Final Status:
 You weren't hungry.
 You were unencumbered.
 You were wielding a short sword.
 You were unskilled in short sword.

Final Attributes:
 You were piously aligned.
 Your items were somewhat protected from fire.
 Your items were somewhat protected from cold.
 You were warded.
 You are dead.

Miscellaneous:
 You didn't encounter any bones levels.
 Total elapsed playing time was 24 minutes and 25 seconds.

Major events:
 Turn
    1: GdeVolpiano the neutral female human Tourist entered the dungeon
  672: entered the Gnomish Mines
  726: attained the rank of Sightseer (level 3)
 2313: reached Mine Town
 2679: killed by a rothe

You didn't know any spells.

Skills:
 Fighting Skills
   bare handed combat [Unskilled]
   two weapon combat  [Unskilled]
   riding             [Unskilled]
 Weapon Skills
   dagger             [Unskilled]
   knife              [Unskilled]
   axe                [Unskilled]
   pick-axe           [Basic]
   short sword        [Unskilled]
   broadsword         [Unskilled]
   long sword         [Unskilled]
   two-handed sword   [Unskilled]
   saber              [Unskilled]
   mace               [Unskilled]
   morning star       [Unskilled]
   flail              [Unskilled]
   hammer             [Unskilled]
   quarterstaff       [Unskilled]
   polearms           [Unskilled]
   spear              [Unskilled]
   trident            [Unskilled]
   lance              [Unskilled]
   bow                [Unskilled]
   sling              [Unskilled]
   crossbow           [Unskilled]
   dart               [Basic]
   shuriken           [Unskilled]
   boomerang          [Unskilled]
   whip               [Unskilled]
   unicorn horn       [Unskilled]
 Spellcasting Skills
   divination spells  [Unskilled]
   enchantment spells [Unskilled]
   escape spells      [Unskilled]

Voluntary challenges:
 Character rerolling was not enabled.
 You never genocided any monsters.
 You never polymorphed an object.
 You never changed form.
 You used no wishes.
Achievements:
 You entered the Gnomish Mines.
 You attained the rank of Sightseer.
 You entered Minetown.

 The Dungeons of Doom: levels 1 to 3
    Level 1:
    Level 2:
       Stairs down to The Gnomish Mines.
    Level 3:
       A fountain.
 The Gnomish Mines: levels 3 to 5
    Level 3:
    Level 4: <- You were here.
       Final resting place for
          you, killed by a rothe.
    Level 5:


Vanquished creatures:
  a leprechaun
  a bugbear
  a shrieker
  2 gnome leaders
  a gnomish wizard
 an elf zombie
  a floating eye
  4 dwarves
  a homunculus
  3 hill orcs
  2 rothes
  2 dwarf zombies
  a wererat
 an acid blob
  a gas spore
  a yellow mold
 19 gnomes
  2 geckos
  a jackal
  4 grid bugs
  6 lichens
  a kobold zombie
  7 newts
64 creatures vanquished.

No species were genocided or became extinct.

Game over:
                       ----------
                      /          \
                     /    REST    \
                    /      IN      \
                   /     PEACE      \
                  /                  \
                  |   GdeVolpiano    |
                  |      49 Au       |
                  |   killed by a    |
                  |      rothe       |
                  |                  |
                  |                  |
                  |       2026       |
                 *|     *  *  *      | *
        _________)/\\_//(\/(/\)/\//\/|_)_______

Aloha GdeVolpiano the Tourist...

You died in The Gnomish Mines on dungeon level 4 with 1138 points,
and 49 pieces of gold, after 2679 moves.
You were level 5 with a maximum of 42 hit points when you died.

